 Dungeon Crawl Stone Soup version 0.30-a0-782-ge64f9170bb (webtiles) character file.

Game seed: 11843759523854792337

170 Dirtsage the Insei (level 5, -1/33 HPs)
             Began as an Octopode Artificer on Feb 23, 2023.
             Slain by an ufetubus (3 damage)
             ... on level 4 of the Dungeon.
             The game lasted 00:04:51 (2670 turns).

Dirtsage the Insei (Octopode Artificer)             Turns: 2670, Time: 00:04:52

Health: -1/33      AC:  1    Str: 11    XL:     5   Next: 51%
Magic:  5/5        EV: 13    Int: 14    God:
Gold:   186        SH:  0    Dex: 14    Spells: 4/4 levels left

rFire   . . .      SeeInvis .      - Unarmed
rCold   . . .      Faith    .    (no shield)
rNeg    . . .      Spirit   .    (helmet restricted)
rPois   .          Reflect  .    (no amulet)
rElec   .          Harm     .    (no ring)
rCorr   .          Rampage  .    (no ring)
Will    .....                    (no ring)
Stlth   +++                      (no ring)
HPRegen 0.25/turn                (no ring)
MPRegen 0.09/turn                (no ring)
                                 (no ring)
                                 (no ring)

@: no status effects
A: almost no armour, amphibious, 8 rings, camouflage 1, gelatinous body 1,
(nimble swimmer 1), tentacles
a: no special abilities


You were on level 4 of the Dungeon.
You visited 1 branch of the dungeon, and saw 4 of its levels.

You collected 186 gold pieces.

Inventory:

Missiles
 j - 2 datura-tipped darts
 u - 2 atropa-tipped darts
Jewellery
 e - an amulet of faith
Wands
 b - a wand of flame (13) (quivered)
 c - a wand of charming (15)
 d - a wand of iceblast (5)
 o - a wand of polymorph (6)
Scrolls
 a - a scroll of summoning {unknown}
 f - 5 scrolls of identify {unknown}
 k - a scroll of fog {unknown}
 m - a scroll of immolation {unknown}
 n - a scroll of teleportation {unknown}
 p - a scroll of blinking {unknown}
 r - a scroll of vulnerability {unknown}
 s - a scroll of noise {unknown}
Potions
 g - 3 potions of lignification {unknown}
 h - 2 potions of curing {unknown}
 i - a potion of brilliance {unknown}
 l - a potion of mutation {unknown}
 q - a potion of flight {unknown}
 t - a potion of ambrosia {unknown}


   Skills:
 - Level 1.0 Fighting
 - Level 2.3 Dodging
 - Level 1.3 Stealth
 + Level 5.0 Unarmed Combat
 - Level 3.2 Evocations


You had 4 spell levels left.
You didn't know any spells.
Your spell library contained the following spells:

 Spells                   Type           Power      Damage    Failure   Level
 Blink                    Tloc           0%         N/A       41%         2
 Lesser Beckoning         Tloc           0%         N/A       41%         2
 Momentum Strike          Conj/Tloc      0%         3d8       41%         2


Dungeon Overview and Level Annotations

Branches:
Dungeon (4/15)
 Temple: D:4-7

Altars:

Annotations:
D:3 1 runed translucent door, Crazy Yiuf


Innate Abilities, Weirdness & Mutations

You cannot wear most types of armour.
You are amphibious.
You can wear up to eight rings at the same time.
Your skin changes colour to match your surroundings (Stealth+).
Your rubbery body absorbs attacks. (AC +1, EV +1)
((You are camouflaged when in or above water. (Stealth+)))
You have tentacles for arms and can constrict up to eight enemies at once.


Message History

You completely miss the quokka.
Your tentacle-slap misses the quokka.
The quokka is moderately wounded.
You constrict the quokka. The ufetubus hits you.
The ufetubus completely misses you. The quokka barely misses you.
The giant cockroach bites you.
The orc wizard gestures at you while chanting.
The puff of flame hits you.
You take 10 damage, and have 14/33 hp.
MASSIVE DAMAGE!!
You tentacle-slap the quokka.
The quokka is severely wounded.
You constrict the quokka.
You kill the quokka!
The ufetubus closely misses you. x2; The giant cockroach closely misses you.
The orc wizard curses loudly.
The orc wizard gestures wildly while chanting.
The orc wizard flickers and vanishes!
Deactivating autopickup; reactivate with Ctrl-A.
The ufetubus barely misses you. The ufetubus closely misses you.
The giant cockroach closely misses you. x2
The ufetubus completely misses you. The ufetubus closely misses you.
There is a large open door here.
The ufetubus hits you. The ufetubus misses you.
You take 1 damage, and have 14/33 hp.
The ufetubus attacks as you move away! The ufetubus hits you.
The ufetubus closely misses you.
You take 3 damage, and have 11/33 hp.
The ufetubus closely misses you. x2
The ufetubus barely misses you. The ufetubus hits you.
You take 2 damage, and have 10/33 hp.
You tentacle-slap the ufetubus. Your grab misses the ufetubus.
The ufetubus is moderately wounded.
The ufetubus hits you.
* * * LOW HITPOINT WARNING * * *
The ufetubus hits you.
* * * LOW HITPOINT WARNING * * *
You take 8 damage, and have 2/33 hp.
MASSIVE DAMAGE!!
You tentacle-slap the ufetubus. Your grab misses the ufetubus.
The ufetubus is almost dead.
The ufetubus misses you. The ufetubus hits you.
You die...

.# .# ...## ..
#....### #.#
#...### ..#
##...#### #.#
#..#B5@.#####..#
##B'####...##..#
##....#####.....#
##......##
###..##
#...$$...#
##..#########
#..$..$..#
##..........
#..$..$..#
#..........
#...$$...#
###.....###
##......##
#######


You could see an ufetubus and a giant cockroach.

Vanquished Creatures
  An orc priest (D:2)
  Jessica (D:2)
  Natasha (D:3)
  2 adders
  A worm (D:3)
  A dart slug (D:2)
  3 orcs
  3 ball pythons
  9 endoplasms
  4 giant cockroaches
  7 goblins
  7 hobgoblins
  2 kobolds
  4 quokkas
  7 bats
  A frilled lizard (D:2)
  6 rats
60 creatures vanquished.

Vanquished Creatures (collateral kills)
  An orc (D:2)
1 creature vanquished.

Vanquished Creatures (others)
  An orc priest (D:2)
1 creature vanquished.

Grand Total: 62 creatures vanquished

Notes
Turn   | Place    | Note
-------+----------+-------------------------------------------
     0 | D:1      | Dirtsage the Octopode Artificer began the quest for the
                  | Orb.
     0 | D:1      | Reached XP level 1. HP: 13/13 MP: 1/1
    73 | D:1      | Reached skill level 1 in Unarmed Combat
    83 | D:1      | Reached XP level 2. HP: 11/18 MP: 2/2
   257 | D:1      | Reached skill level 2 in Unarmed Combat
   600 | D:1      | Reached XP level 3. HP: 23/23 MP: 3/3
   727 | D:2      | Noticed Jessica
   758 | D:2      | Killed Jessica
   759 | D:2      | Reached skill level 3 in Unarmed Combat
   827 | D:2      | Reached XP level 4. HP: 28/28 MP: 4/4
   970 | D:2      | Reached skill level 4 in Unarmed Combat
  1109 | D:2      | Reached XP level 5. HP: 33/33 MP: 5/5
  1851 | D:3      | Noticed Natasha
  1856 | D:3      | Killed Natasha
  2172 | D:3      | Found a runed translucent door.
  2173 | D:3      | Noticed Crazy Yiuf
  2237 | D:3      | Reached skill level 5 in Unarmed Combat
  2670 | D:4      | Slain by an ufetubus

Illustrated notes

Levels and vault maps discovered:
D:1:      scummos_arrival_forest, layout_basic, minmay_circled_x
D:2:      cheibrodos_pilgrimage, layout_rooms, uniq_jessica
D:3:      layout_loops_corners, st_stairs_7, serial_bayou_crossing,
          uniq_natasha, uniq_crazy_yiuf_cottage
D:4:      minmay_polygon_palace, layout_cave_pods, kennysheep_mini_moat,
          mainiacjoe_overflow_alcove_4

Skill      XL: |  1  2  3  4  5 |
---------------+----------------+-----
Unarmed Combat | 1 2 3 4 5 |  5.0
Fighting       | |  1.0
Dodging        | |  2.3
Stealth        | |  1.3
Evocations     | |  3.2

Action                     |  1- 3 |  4- 6 || total
---------------------------+-------+-------++-------
  Melee: Unarmed           |    63 |    79 ||   142
         Constrict         |    11 |    22 ||    33
         Tentacles         |     9 |    13 ||    22
         Punch             |     1 |       ||     1
  Throw: Dart              |       |     3 ||     3
  Evoke: Wand              |     2 |       ||     2
   Stab: Sleeping          |     6 |     8 ||    14
 Armour: Skin              |     3 |     3 ||     6
  Dodge: Dodged            |    28 |    57 ||    85

Table legend: (Time is in decaauts)
 A = Elapsed time spent in this place.
 B = Non-inter-level travel time spent in this place.
 C = Inter-level travel time spent in this place.
 D = Time resting spent in this place.
 E = Time spent auto-exploring this place.
 F = Levels seen in this place.
 G = Mean time per level.
                   A        B        C        D        E       F      G
               +--------+--------+--------+--------+--------+-----+--------+
         Total |   2660 |   2605 |     55 |      0 |   2198 |   4 |  665.0 |
       Dungeon |   2660 |   2605 |     55 |      0 |   2198 |   4 |  665.0 |
               +--------+--------+--------+--------+--------+-----+--------+

Top non-repeatable levels by time:
     D:3: 1096 daAuts
     D:2: 766 daAuts
     D:1: 720 daAuts
     D:4: 77 daAuts
